 Dungeon Crawl Stone Soup version 0.31-a0-221-gbddc013574 (webtiles) character file.

Game seed: 5727167942402004640

151 qw the Chopper (level 5, 0/32 HPs)
             Began as a Gargoyle Fighter on July 3, 2023.
             Slain by Pikel
             ... wielding a +1 whip of freezing
              (4 damage)
             ... on level 4 of the Dungeon.
             The game lasted 00:01:21 (2918 turns).

qw the Chopper (Gargoyle Fighter)                   Turns: 2918, Time: 00:01:21

Health: 0/32       AC: 14    Str: 21    XL:     5   Next: 33%
Magic:  5/5        EV:  7    Int:  9    God:
Gold:   123        SH:  4    Dex:  9    Spells: 4/4 levels left

rFire   . . .        Y - +1 war axe
rCold   . . .        c - +0 buckler
rNeg    + . .        a - +0 chain mail
rPois   inf          (no helmet)
rElec   +            g - +0 cloak
rCorr   +            (no gloves)
SInv    +            (no boots)
Will    .....        e - amulet of faith Stlth
                     h - ring of resist corrosion
HPRegen 0.25/turn    k - ring of see invisible
MPRegen 0.09/turn

%: faith
@: slowed, very slow
A: sickness immunity, AC +4, negative energy resistance 1, electricity
resistance, torment resistance 1, petrification resistance
a: no special abilities


You were on level 4 of the Dungeon.
You visited 1 branch of the dungeon, and saw 4 of its levels.

You collected 123 gold pieces.


Innate Abilities, Weirdness & Mutations

You are immune to sickness and miasma.
Your stone body is resilient. (AC +4)
You are immune to poison.
You resist negative energy. (rN+)
You are resistant to electric shocks. (rElec)
You are resistant to unholy torment.
You are immune to petrification.


   Skills:
 - Level 3.2 Fighting
 + Level 4.9 Axes
 - Level 3.2 Armour
 - Level 3.2 Shields


You had 4 spell levels left.
You didn't know any spells.
Your spell library was empty.

Inventory:

Hand Weapons
 i - a +0 whip
 Y - a +1 war axe (weapon)
Armour
 a - a +0 chain mail (worn)
 c - a +0 buckler (worn)
 g - a +0 cloak (worn)
 l - a +0 helmet
Jewellery
 e - an amulet of faith (around neck)
 h - a ring of resist corrosion (left hand)
 k - a ring of see invisible (right hand)
Potions
 b - a potion of curing {unknown}
 d - 2 potions of might
 f - a potion of heal wounds {unknown}
 j - a potion of magic {unknown}

Dungeon Overview and Level Annotations

Branches:
Dungeon (4/15)
 Temple: D:4-7

Altars:

Annotations:
D:4 Natasha, Pikel


Message History

The lemure barely misses you. The lemure hits you.
You barely miss the lemure.
The lemure is severely wounded.
You barely miss the lemure. You hit Natasha. You hit the lemure.
You barely miss Pikel.
The cerulean imp hits you but does no damage.
Natasha casts a spell at you.
You feel yourself slow down.
The cerulean imp hits you but does no damage.
The lemure hits you. The lemure barely misses you.
The lemure hits you but does no damage. Pikel barely misses you.
The cerulean imp barely misses you.
You hit the lemure but do no damage.
The lemure is severely wounded.
You closely miss the lemure. You closely miss Natasha.
You hit the lemure but do no damage. You hit Pikel but do no damage.
Natasha misses you.
The cerulean imp hits you but does no damage.
The lemure hits you.
Pikel hits you with a +1 whip of freezing.
Pikel freezes you. You block the lemure's attack. The lemure barely misses you.
The cerulean imp barely misses you. Natasha completely misses you.
The cerulean imp hits you but does no damage.
The lemure hits you but does no damage. x2; Pikel closely misses you.
The lemure hits you but does no damage. The cerulean imp closely misses you.
You hit the lemure.
The lemure is almost dead.
You hit the lemure. You hit Pikel. You barely miss the lemure. You hit Natasha.
The cerulean imp disappears in a puff of smoke!
Natasha barely misses you.
The cerulean imp hits you but does no damage.
Pikel cracks his whip.
Pikel hits you with a +1 whip of freezing.
Pikel freezes you. The lemure barely misses you.
The lemure hits you but does no damage. x2
Natasha casts a spell at you. You resist with some effort.
The cerulean imp hits you but does no damage.
Pikel hits you with a +1 whip of freezing.
You die...

#...........#...### #.
.............#...######.
.............+..........
.............#.....##...
......................#.
...........#########..#.
...........# #..#.
......55...# ##>..
.....55@...# ##..
.....¤hK).$# #..
.....5.....# ###
...........# #
...........# #
...........# #
............ #
............. # #


You could see Pikel, 4 lemures, Natasha and a cerulean imp (summoned).

Vanquished Creatures
  An orc wizard (D:3)
  Robin (D:4)
  3 adders
  2 worms
  A dart slug (D:4)
  3 orcs (D:3)
  6 ball pythons
  5 endoplasms
  4 giant cockroaches
  14 goblins
  5 hobgoblins
  13 jackals
  A bat (D:1)
  4 frilled lizards
  4 kobolds
  6 rats
73 creatures vanquished.

Notes
Turn   | Place    | Note
-------+----------+-------------------------------------------
     0 | D:1      | qw the Gargoyle Fighter began the quest for the Orb.
     0 | D:1      | Reached XP level 1. HP: 14/14 MP: 1/1
     0 | D:1      | 0 ||| qw: Version: 0.3-a-40-ge99b1a8
     0 | D:1      | 0 ||| qw: Game counter: 604
     0 | D:1      | 0 ||| qw: Melee chars always use a shield: true
     0 | D:1      | 0 ||| qw: God list: Okawaru
     0 | D:1      | 0 ||| qw: Allow faded altars: false
     0 | D:1      | 0 ||| qw: Do Orc after clearing Dungeon:15 true
     0 | D:1      | 0 ||| qw: Do second Lair branch before Depths: true
     0 | D:1      | 0 ||| qw: Lair rune preference: random
     0 | D:1      | 0 ||| qw: Goals: Normal, Zot:1-4, Slime:5, God:TSO, Crypt,
                  | Tomb, Abyss, Pan, Hells, Win
     0 | D:1      | 0 ||| PLANNING D:1-11
    16 | D:1      | Reached skill level 2 in Axes
    72 | D:1      | 72 ||| Stepping ~*~*~tactically~*~*~ (stealth).
    81 | D:1      | Reached XP level 2. HP: 19/19 MP: 2/2
   157 | D:1      | You fall into a shaft and drop 1 floor!
   187 | D:2      | 187 ||| READING scroll labelled UBICZEAPPA.
   949 | D:1      | 949 ||| UPGRADING to +0 chain mail.
   959 | D:1      | 959 ||| DROPPING +0 scale mail.
   960 | D:1      | 960 ||| UPGRADING to +0 cloak.
   965 | D:1      | 965 ||| UPGRADING to amulet of faith.
   970 | D:1      | 970 ||| READING scroll labelled ZOPRAA PETALI.
  1022 | D:2      | Reached skill level 3 in Axes
  1099 | D:2      | 1099 ||| Stepping ~*~*~tactically~*~*~ (hiding).
  1108 | D:2      | Reached XP level 3. HP: 14/23 MP: 3/3
  1279 | D:2      | Found a faded altar of an unknown god.
  1641 | D:2      | Reached XP level 4. HP: 28/28 MP: 4/4
  2052 | D:3      | 2052 ||| Stepping ~*~*~tactically~*~*~ (stealth).
  2067 | D:3      | Reached skill level 4 in Axes
  2167 | D:3      | 2167 ||| DROPPING +0 club.
  2500 | D:3      | Reached XP level 5. HP: 31/32 MP: 5/5
  2548 | D:3      | 2548 ||| UPGRADING to ring of resist corrosion.
  2549 | D:3      | 2549 ||| UPGRADING to ring of see invisible.
  2550 | D:3      | 2550 ||| READING scroll labelled MIXKEW EGOCWOA.
  2721 | D:4      | 2721 ||| Stepping ~*~*~tactically~*~*~ (stealth).
  2723 | D:4      | 2723 ||| Stepping ~*~*~tactically~*~*~ (stealth).
  2725 | D:4      | 2725 ||| Stepping ~*~*~tactically~*~*~ (stealth).
  2736 | D:4      | 2736 ||| Stepping ~*~*~tactically~*~*~ (stealth).
  2746 | D:4      | 2746 ||| Stepping ~*~*~tactically~*~*~ (stealth).
  2749 | D:4      | Noticed Robin
  2767 | D:4      | Killed Robin
  2904 | D:4      | Noticed Natasha
  2904 | D:4      | Noticed a lemure
  2904 | D:4      | Noticed a lemure
  2905 | D:4      | Noticed Pikel
  2905 | D:4      | Noticed a lemure
  2906 | D:4      | Noticed a lemure
  2917 | D:4      | HP: 8/32 [Pikel/+1 whip of freezing (1)]
  2918 | D:4      | Slain by Pikel

Levels and vault maps discovered:
D:1:      onia_arrival_pentagram, layout_basic
D:2:      layout_loops_ring, nicolae_ecumenical_oubliette, minmay_statues_item,
          serial_bayou_pond_a
D:3:      layout_basic
D:4:      layout_basic, chequers_garden, uniq_natasha, uniq_robin, uniq_pikel

Skill      XL: |  1  2  3  4 |
---------------+-------------+-----
Axes           | 2 3 4 |  4.9
Fighting       | |  3.2
Armour         | |  3.2
Shields        | |  3.2

Action                     |  1- 3 |  4- 6 || total
---------------------------+-------+-------++-------
  Melee: War axe           |   124 |   103 ||   227
    Use: Scroll            |     2 |     1 ||     3
 Armour: Scale mail        |    28 |       ||    28
         Chain mail        |    49 |   104 ||   153
  Dodge: Dodged            |    55 |    61 ||   116
  Block: Buckler           |    28 |    15 ||    43

Table legend:
 A = Non-vault XP
 B = Vault XP
 C = Vault XP percentage of total XP
 D = Non-vault monster count
 E = Vault monster count
 F = Vault count percentage of total count
                 A         B        C        D         E       F
            +---------+---------+-------+---------+---------+-------
      Total |     179 |      37 |  17.1 |      60 |      13 |  17.8
            +---------+---------+-------+---------+---------+-------
        D:1 |      26 |       0 |   0.0 |      18 |       0 |   0.0
        D:2 |      58 |       0 |   0.0 |      19 |       0 |   0.0
        D:3 |      83 |       0 |   0.0 |      18 |       0 |   0.0
        D:4 |      12 |      37 |  75.5 |       5 |      13 |  72.2
            +---------+---------+-------+---------+---------+-------
